Map: 로스트 앤 파운드 - 래더

Players

Nerchio - Winner!

  • Race: Zerg Zerg
  • Spawn Location: 7:00

TRUE

  • Race: Zerg Zerg
  • Spawn Location: 1:00

Event: WCS Valencia 2018

VOD

Have the link to the VOD?

Description

Time

  • Played on: July 12, 2018, 1:24 p.m.
  • Length: 10:01

All games in this series

Show
View Real Time Build Order
Export as new Build Order

Nerchio Zerg - Winner!

Build Orders: Hatch First 

Get SALT Encoding   

  12  0:00  Drone  
  13  0:12  Overlord  
  13  0:16  Drone  
  14  0:31  Drone x2  
  16  0:49  Hatchery  
  15  0:51  Drone  
  15  0:55  Drone  
  17  0:58  Drone  
  18  1:07  Extractor  
  17  1:14  Spawning Pool  
  17  1:17  Drone  
  17  1:21  Drone  
  18  1:28  Drone  
  19  1:41  Overlord  
  19  1:49  Drone  
  20  2:01  Queen x2  
  24  2:02  Zergling x4  
  26  2:09  Spine Crawler  
  26  2:13  Zergling x2  
  24  2:32  Zergling x2  
  24  2:35  Zergling x4  
  24  2:38  Drone x2  
  26  2:44  Metabolic Boost  
  26  2:47  Overlord  
  26  2:51  Drone  
  27  3:07  Drone x3  
  27  3:08  Drone  
  31  3:14  Drone x2  
  31  3:15  Drone x2  
  35  3:20  Overlord  
  35  3:33  Drone  
  36  3:39  Drone  
  36  3:40  Drone  
  37  3:42  Drone  
  37  3:43  Drone  
  37  3:46  Hatchery, Drone  
  37  3:48  Drone  
  40  3:50  Drone  
  40  3:51  Drone  
  40  3:53  Drone  
  43  3:58  Evolution Chamber  
  43  3:59  Overlord  
  42  4:03  Drone  
  42  4:05  Overlord  
  42  4:09  Extractor  
  42  4:12  Roach Warren  
  42  4:13  Drone  
  42  4:15  Drone  
  43  4:19  Drone x2  
  43  4:20  Drone  
  43  4:22  Drone  
  47  4:25  Overlord  
  47  4:28  Zerg Missile Weapons Level 1  
  47  4:33  Drone  
  47  4:36  Extractor, Lair  
  47  4:40  Drone  
  47  4:41  Drone  
  49  4:50  Drone  
  49  4:51  Queen  
  52  4:54  Roach x3  
  52  4:59  Roach x2  
  62  5:01  Roach  
  62  5:06  Overlord  
  64  5:08  Roach  
  66  5:15  Overlord  
  66  5:21  Queen  
  68  5:30  Roach x6  
  68  5:31  Roach  
  68  5:33  Roach  
  68  5:35  Roach  
  84  5:38  Roach  
  84  5:40  Roach  
  88  5:43  Roach  
  88  5:46  Overlord  
  88  5:48  Overlord  
  90  5:55  Glial Reconstitution  
  90  5:58  Overlord  
  90  6:03  Overlord  
  90  6:13  Drone x5  
  90  6:18  Overseer  
  95  6:21  Drone  
  95  6:22  Drone  
  95  6:23  Zerg Missile Weapons Level 2  
  95  6:24  Roach x2  
  101  6:35  Drone  
  101  6:36  Extractor, Drone x2  
  103  6:42  Overseer  
  103  6:44  Overlord  
  103  6:46  Drone x9  
  112  6:50  Overlord  
  112  6:54  Overlord x3  
  112  6:57  Roach, Overseer  
  112  7:00  Overlord x2  
  114  7:04  Roach x2  
  118  7:09  Roach x3  
  118  7:14  Roach  
  118  7:15  Hydralisk Den, Roach  
  127  7:16  Overseer  
  127  7:17  Roach  
  129  7:24  Extractor  
  129  7:26  Overlord  
  128  7:32  Overlord  
  128  7:44  Hydralisk x2  
  128  7:45  Hydralisk x5  
  128  7:50  Hydralisk  
  142  7:52  Hydralisk  
  142  7:56  Hydralisk  
  145  8:00  Overlord, Hydralisk  
  145  8:04  Queen  
  145  8:05  Hydralisk  
  150  8:09  Roach x3  
  150  8:12  Roach  
  158  8:13  Roach  
  158  8:16  Overlord  
  158  8:18  Roach x2  
  158  8:19  Roach  
  166  8:23  Roach  
  168  8:32  Hydralisk x3  
  169  8:37  Drone x8  
  169  8:38  Drone  
  170  8:49  Roach  
  170  8:50  Roach x2  
  170  8:55  Roach  
  158  8:58  Roach x3  
  158  8:59  Roach  
  154  9:05  Roach x2  
  154  9:06  Roach x2  
  154  9:08  Roach x2  
  148  9:14  Roach  
  134  9:19  Roach x2  
  128  9:25  Roach x2  
  128  9:28  Roach  
  128  9:29  Roach  
  126  9:32  Roach  
  126  9:33  Roach  
  126  9:36  Hatchery  
  126  9:38  Roach  
  125  9:40  Roach x2  
Show
View Real Time Build Order
Export as new Build Order

TRUE Zerg 

Build Orders: Pool First 

Get SALT Encoding   

  12  0:17  Spawning Pool  
  11  0:22  Drone  
  11  0:25  Drone  
  13  0:30  Drone  
  14  0:39  Overlord  
  14  1:04  Zergling x4  
  16  1:05  Zergling x2  
  17  1:14  Hatchery  
  17  1:17  Zergling x2  
  17  1:26  Zergling x2  
  17  1:32  Queen  
  20  1:38  Drone  
  21  1:48  Overlord  
  21  1:58  Drone  
  22  2:07  Queen  
  24  2:09  Drone  
  25  2:20  Drone  
  26  2:31  Drone x2  
  26  2:36  Drone  
  26  2:40  Drone x3  
  26  2:43  Queen  
  29  2:48  Extractor, Queen  
  30  2:52  Drone  
  31  3:00  Overlord, Drone  
  31  3:05  Spine Crawler  
  31  3:08  Drone  
  32  3:15  Overlord  
  32  3:19  Queen  
  34  3:22  Drone  
  34  3:25  Drone  
  36  3:29  Drone  
  36  3:30  Drone  
  36  3:34  Drone  
  39  3:38  Drone  
  39  3:40  Drone  
  42  3:44  Evolution Chamber  
  41  3:48  Roach Warren  
  41  3:54  Lair  
  40  3:58  Drone x2  
  40  4:00  Drone  
  43  4:03  Extractor, Drone  
  43  4:07  Extractor  
  42  4:10  Queen  
  42  4:13  Drone  
  42  4:15  Drone  
  46  4:18  Drone  
  46  4:19  Drone  
  46  4:20  Drone  
  46  4:22  Drone  
  50  4:29  Zerg Missile Weapons Level 1  
  50  4:33  Drone x2  
  50  4:34  Overlord  
  52  4:39  Overlord  
  52  4:49  Overlord  
  52  4:51  Overlord  
  52  4:55  Drone x2  
  52  4:57  Extractor, Nydus Network  
  52  4:58  Drone x2  
  54  5:01  Roach  
  54  5:06  Queen  
  58  5:10  Roach  
  58  5:11  Roach  
  62  5:14  Roach  
  62  5:18  Roach  
  62  5:20  Roach  
  68  5:30  Roach x2  
  68  5:35  Nydus Canal  
  72  5:36  Roach x2  
  72  5:40  Roach x2  
  80  5:43  Roach  
  80  5:45  Roach  
  80  5:47  Overlord  
  84  5:53  Glial Reconstitution  
  80  6:00  Drone x4  
  80  6:01  Drone  
  83  6:13  Hatchery  
  83  6:18  Spire  
  81  6:19  Roach  
  81  6:22  Roach  
  85  6:29  Overlord  
  85  6:30  Zerg Missile Weapons Level 2  
  85  6:50  Drone x5  
  85  6:51  Drone x3  
  85  6:52  Overlord x2  
  85  6:53  Overlord  
  93  7:02  Spine Crawler  
  92  7:09  Extractor  
  92  7:12  Drone  
  92  7:13  Extractor, Drone x6  
  97  7:30  Mutalisk x6  
  97  7:35  Mutalisk  
  111  7:44  Mutalisk  
  107  7:58  Roach x6  
  117  8:00  Roach x2  
  117  8:01  Roach x3  
  117  8:03  Roach  
  117  8:04  Roach  
  127  8:06  Roach  
  127  8:11  Overlord  
  127  8:12  Overlord  
  129  8:16  Overlord, Ravager  
  129  8:19  Overlord  
  130  8:21  Overlord  
  130  8:32  Ravager x3  
  130  8:34  Roach  
  135  8:37  Roach x4  
  135  8:38  Roach x2  
  135  8:39  Roach x2  
  135  8:41  Roach  
  151  8:43  Roach  
  151  8:45  Roach  
  151  8:46  Roach  
  155  8:49  Roach  
  155  8:51  Roach  
  155  8:53  Roach  
  149  8:56  Roach  
  149  8:57  Roach  
  149  8:59  Roach  
  149  9:01  Roach  
  141  9:04  Roach  
  141  9:06  Roach  
  141  9:07  Roach  
  141  9:09  Roach  
  115  9:11  Roach  
  115  9:14  Roach  
  115  9:15  Roach  
  95  9:19  Roach  
  95  9:21  Roach  
  95  9:23  Roach  
  86  9:26  Roach  
  86  9:29  Roach  
  84  9:32  Roach  
  84  9:34  Roach  
  84  9:36  Roach  
  84  9:37  Roach  
  88  9:40  Roach  
  88  9:41  Roach  
Tags
 
Add a new tag
Caveats
  • Supply blocks, unpowered buildings, or Contaminate may cause inaccurate times.
  • Supply counts are checked every 10 seconds.